 Dungeon Crawl Stone Soup version 0.26-a0-58-g79b31b8 (webtiles) character file.

Game seed: 11784271328036999579

1788 pichaelthompson the Shield-Bearer (level 9, 0/73 HPs)
             Began as a Gnoll Fighter on June 8, 2020.
             Was a Follower of Ashenzari.
             Killed from afar by Maggie (14 damage)
             ... with a bolt of fire
             ... on level 6 of the Dungeon.
             The game lasted 00:10:49 (5968 turns).

pichaelthompson the Shield-Bearer (Gnoll Fighter)   Turns: 5968, Time: 00:10:50

Health: 0/73       AC: 13    Str: 18    XL:     9   Next: 8%
Magic:  14/14      EV:  8    Int: 11    God:    Ashenzari [*.....]
Gold:   244        SH: 11    Dex: 18    Spells: 15/15 levels left

rFire    . . .     SeeInvis .   a - +1 long sword
rCold    . . .     Gourm    .   c - +0 kite shield (curse)
rNeg     . . .     Faith    .   y - +0 chain mail
rPois    .         Spirit   .   (no helmet)
rElec    .         Reflect  .   E - +0 cloak
rCorr    .         Harm     .   C - +0 pair of gloves
MR       .....                  (no boots)
Stlth    ..........             (no amulet)
HPRegen  0.22/turn              (no ring)
MPRegen  0.14/turn              (no ring)

@: no status effects
A: distributed training, fangs 1, strong nose
a: Curse Item, Scrying, Renounce Religion


You were on level 6 of the Dungeon.
You worshipped Ashenzari.
Ashenzari was aware of your devotion.
You were not hungry.

You visited 2 branches of the dungeon, and saw 7 of its levels.

You collected 244 gold pieces.

Inventory:

Hand Weapons
 a - a +1 long sword (weapon)
Missiles
 g - 7 boomerangs (quivered)
 p - 8 silver javelins
 B - 2 silver boomerangs
Armour
 c - a cursed +0 kite shield (worn)
 y - a +0 chain mail (worn)
 C - a +0 pair of gloves (worn)
 E - a +0 cloak (worn)
Wands
 b - a wand of random effects (7)
 v - a wand of clouds (7)
Scrolls
 e - 4 scrolls of remove curse
 h - a scroll of immolation
 i - 2 scrolls of identify
 m - 2 scrolls of enchant weapon
 t - 4 scrolls of noise
 u - a scroll of fog {unknown}
 w - a scroll of summoning {unknown}
 z - a scroll of blinking {unknown}
Potions
 d - a potion of might
 k - a potion of flight {unknown}
 l - a potion of lignification {unknown}
 n - a potion of heal wounds {unknown}
 q - 2 potions of curing
 r - 2 potions of mutation
 x - a potion of magic {unknown}
 A - a potion of brilliance {unknown}
Comestibles
 f - 11 rations
 D - 3 chunks of flesh


   Skills:
 + Level 7.6 Fighting
 + Level 3.8 Short Blades
 + Level 6.0 Long Blades
 + Level 3.8 Axes
 + Level 3.8 Maces & Flails
 + Level 3.8 Polearms
 + Level 3.8 Staves
 + Level 3.8 Slings
 + Level 3.8 Bows
 + Level 3.8 Crossbows
 + Level 3.8 Throwing
 + Level 7.6 Armour
 + Level 3.8 Dodging
 + Level 3.8 Stealth
 + Level 7.6 Shields
 + Level 3.8 Unarmed Combat
 + Level 3.8 Spellcasting
 + Level 3.1 Conjurations
 + Level 3.1 Hexes
 + Level 3.1 Charms
 + Level 3.1 Summonings
 + Level 3.1 Necromancy
 + Level 3.1 Translocations
 + Level 3.1 Transmutations
 + Level 3.1 Fire Magic
 + Level 3.1 Ice Magic
 + Level 3.1 Air Magic
 + Level 3.1 Earth Magic
 + Level 3.1 Poison Magic
 + Level 4.2 Invocations
 + Level 3.8 Evocations


You had 15 spell levels left.
You didn't know any spells.
Your spell library contained the following spells:

 Spells                   Type           Power        Failure   Level  Hunger
 Corona                   Hex            #......      86%         1    #......
 Ensorcelled Hibernation  Hex/Ice        #.....       95%         2    ##.....
 Confusing Touch          Hex            #.......     99%         3    ###....
 Dazzling Flash           Conj/Hex       #.....       99%         3    ###....
 Tukima's Dance           Hex            #.......     99%         3    ###....


Dungeon Overview and Level Annotations

Branches:
Dungeon (6/15)             Temple (1/1) D:5

Altars:
Ashenzari
Cheibriados
Dithmenos
Elyvilon
Fedhas
Kikubaaqudgha
Nemelex Xobeh
Okawaru
Qazlal
Ru
Sif Muna
Trog
Uskayaw
Vehumet
Wu Jian
Xom
Yredelemnul
The Shining One

Annotations:
D:6 Maggie


Innate Abilities, Weirdness & Mutations

Your experience applies equally to all skills.
You have very sharp teeth.
Your uncanny sense of smell can sniff out nearby items.


Message History

Unknown command.
As you read the scroll of identify, it crumbles to dust.
r - 2 potions of mutation
Aiming: Cloud Cone
Press: ? - help, Dir - move target cursor, f - jackal zombie, p - Maggie
Aim: a jackal zombie Out of range.
Okay, then.
Throwing (i - inventory. (/) - cycle)
g - 7 boomerangs (quivered)
Press: ? - help, Shift-Dir - straight line, f/p - Maggie
Aim: Maggie, wielding a +0 broad axe and wearing +0 acid dragon scales (lightly wounded, mesmerising, inner flame)
You throw a boomerang. The boomerang closely misses Maggie.
The boomerang hits the ice beast!
Flame seeps out of the ice beast.
The ice beast is moderately wounded.
You break out of your daze.
The ice beast is engulfed in blazing flames.
The ice beast explodes!
Maggie casts a spell at you. The bolt of fire hits you!
You die...

..........#...#..#####..#.##...##
##.......##...................###
#.......#####.......#.#....#####.
#.....### ##........###..........
....#.## ##...(......###.........
...##..###..........####.........
..........#.........###..........
..........#....###..#....#.......
...............#@........##......
...............##....#####.....##
.........##.....#.....## #...<###
................#......# #...## #
......................####....# #
.#.............#....Z@##.(....###
.#............##.......§.........
##....................§○......[..
.......................Y......##.


You could see Maggie (inner flame) and a jackal zombie.

Vanquished Creatures
  Pikel (D:5)
  Sigmund (D:6)
  A sky beast (D:5)
  Duvessa (D:4)
  2 ice beasts
  A slave (D:5)
  A phantom (D:5)
  2 ogres (D:4)
  A centaur (D:5)
  Dowan (D:4)
  A wyvern skeleton (D:6)
  2 hounds (D:5)
  Crazy Yiuf (D:6)
  A jelly (D:5)
  2 orc wizards
  An iguana (D:5)
  A worker ant (D:5)
  10 adders
  A worm (D:2)
  2 dart slugs
  5 leopard geckos
  11 orcs
  2 ball pythons (D:2)
  7 giant cockroaches
  8 goblins
  12 hobgoblins
  5 jackals
  4 quokkas
  2 bats
  5 frilled lizards
  A jackal zombie (D:6)
  8 kobolds
  5 rats
  A fungus (D:6)
110 creatures vanquished.

Notes
Turn   | Place    | Note
-------+----------+-------------------------------------------
     0 | D:1      | pichaelthompson the Gnoll Fighter began the quest for the
                  | Orb.
     0 | D:1      | Reached XP level 1. HP: 23/23 MP: 1/1
   102 | D:1      | Reached XP level 2. HP: 20/29 MP: 2/2
   682 | D:2      | Reached XP level 3. HP: 27/35 MP: 3/3
   712 | D:2      | Reached skill level 1 in Invocations
   854 | D:2      | Reached skill level 1 in Short Blades
   854 | D:2      | Reached skill level 1 in Axes
   854 | D:2      | Reached skill level 1 in Maces & Flails
   854 | D:2      | Reached skill level 1 in Polearms
   854 | D:2      | Reached skill level 1 in Staves
   854 | D:2      | Reached skill level 1 in Slings
   854 | D:2      | Reached skill level 1 in Bows
   854 | D:2      | Reached skill level 1 in Crossbows
   854 | D:2      | Reached skill level 1 in Throwing
   854 | D:2      | Reached skill level 1 in Dodging
   854 | D:2      | Reached skill level 1 in Stealth
   854 | D:2      | Reached skill level 1 in Unarmed Combat
   854 | D:2      | Reached skill level 1 in Spellcasting
   854 | D:2      | Reached skill level 1 in Evocations
   869 | D:2      | Reached XP level 4. HP: 36/41 MP: 5/5
   967 | D:2      | Found a white marble altar of Elyvilon.
  1386 | D:2      | Found an ornate altar of the Wu Jian Council.
  1578 | D:2      | Reached skill level 1 in Conjurations
  1578 | D:2      | Reached skill level 1 in Hexes
  1578 | D:2      | Reached skill level 1 in Charms
  1578 | D:2      | Reached skill level 1 in Summonings
  1578 | D:2      | Reached skill level 1 in Necromancy
  1578 | D:2      | Reached skill level 1 in Translocations
  1578 | D:2      | Reached skill level 1 in Transmutations
  1578 | D:2      | Reached skill level 1 in Fire Magic
  1578 | D:2      | Reached skill level 1 in Ice Magic
  1578 | D:2      | Reached skill level 1 in Air Magic
  1578 | D:2      | Reached skill level 1 in Earth Magic
  1578 | D:2      | Reached skill level 1 in Poison Magic
  1727 | D:3      | Reached XP level 5. HP: 47/47 MP: 6/6
  1989 | D:3      | Found a blossoming altar of Fedhas.
  2024 | D:3      | Found a shadowy altar of Dithmenos.
  2565 | D:4      | Noticed an ogre
  2574 | D:4      | Killed an ogre
  2737 | D:4      | Reached XP level 6. HP: 48/53 MP: 8/8
  2971 | D:4      | Noticed Dowan
  2974 | D:4      | Noticed Duvessa
  3264 | D:4      | Reached skill level 5 in Long Blades
  3360 | D:4      | Killed Duvessa
  3360 | D:4      | Reached XP level 7. HP: 46/59 MP: 10/10
  3371 | D:4      | Killed Dowan
  3674 | D:5      | Entered Level 5 of the Dungeon
  3677 | D:5      | Found a staircase to the Ecumenical Temple.
  3699 | Temple   | Entered the Ecumenical Temple
  3741 | Temple   | Became a worshipper of Ashenzari the Shackled
  4243 | D:5      | Reached XP level 8. HP: 46/67 MP: 10/12
  4501 | D:5      | Noticed a +0 dagger
  4501 | D:5      | Noticed a +0 hand axe
  4707 | D:5      | Found a hide-covered altar of Uskayaw.
  4886 | D:5      | Found a sacrificial altar of Ru.
  4988 | D:5      | Found a bloodstained altar of Trog.
  5108 | D:5      | Noticed Pikel
  5135 | D:5      | Killed Pikel
  5482 | D:6      | Found a runed translucent door.
  5483 | D:6      | Noticed Crazy Yiuf
  5496 | D:6      | Killed Crazy Yiuf
  5749 | D:6      | Noticed Sigmund
  5764 | D:6      | Killed Sigmund
  5764 | D:6      | Reached XP level 9. HP: 71/72 MP: 14/14
  5809 | D:6      | Found a hide-covered altar of Uskayaw.
  5883 | D:6      | Reached * piety under Ashenzari
  5942 | D:6      | Noticed Maggie
  5963 | D:6      | HP: 3/72 [Maggie/bolt of fire (14)]
  5968 | D:6      | Killed from afar by Maggie

Illustrated notes

Levels and vault maps discovered:
D:1:      scummos_arrival_forest, layout_rooms
D:2:      layout_basic, lemuel_doored_altar, lemuel_coloured_pillars_altar
D:3:      layout_loops_ring, overflow_temple_1_default, fedhas_ov_isle_minmay
D:4:      layout_cave_pools, uniq_duvessa
D:5:      layout_loops_ring, nicolae_ru_great_annihilating_truth,
          dancing_weapons_uskayaw, kennysheep_mini_moat,
          minmay_temple_entry_purple_smoke, first_ration, uniq_pikel
D:6:      layout_cave_pools, basic_altar, uniq_maggie, uniq_crazy_yiuf_cottage,
          uniq_sigmund
Temple:   jpeg_temple_clearing

Skill      XL: |  1  2  3  4  5  6  7  8 |
---------------+-------------------------+-----
Invocations    | 1 2 3 4 |  4.2
Short Blades   | 1 2 3 |  3.8
Axes           | 1 2 3 |  3.8
Maces & Flails | 1 2 3 |  3.8
Polearms       | 1 2 3 |  3.8
Staves         | 1 2 3 |  3.8
Slings         | 1 2 3 |  3.8
Bows           | 1 2 3 |  3.8
Crossbows      | 1 2 3 |  3.8
Throwing       | 1 2 3 |  3.8
Dodging        | 1 2 3 |  3.8
Stealth        | 1 2 3 |  3.8
Unarmed Combat | 1 2 3 |  3.8
Spellcasting   | 1 2 3 |  3.8
Evocations     | 1 2 3 |  3.8
Conjurations   | 1 2 3 |  3.1
Hexes          | 1 2 3 |  3.1
Charms         | 1 2 3 |  3.1
Summonings     | 1 2 3 |  3.1
Necromancy     | 1 2 3 |  3.1
Translocations | 1 2 3 |  3.1
Transmutations | 1 2 3 |  3.1
Fire Magic     | 1 2 3 |  3.1
Ice Magic      | 1 2 3 |  3.1
Air Magic      | 1 2 3 |  3.1
Earth Magic    | 1 2 3 |  3.1
Poison Magic   | 1 2 3 |  3.1
Long Blades    | 5 6 |  6.0
Fighting       | 7 |  7.6
Armour         | 7 |  7.6
Shields        | 7 |  7.6

Action                   |  1- 3 |  4- 6 |  7- 9 || total
-------------------------+-------+-------+-------++-------
Melee: Long sword        |    87 |   208 |   238 ||   533
       Bite              |     4 |    26 |    33 ||    63
Throw: Boomerang         |       |     7 |     7 ||    14
Invok: Curse Item        |       |       |     1 ||     1
  Use: Potion            |       |     1 |     1 ||     2
       Scroll            |       |       |     8 ||     8
 Stab: Paralysed         |       |       |     1 ||     1
  Eat: Chunk             |       |     8 |     6 ||    14
       Ration            |       |       |     1 ||     1
Armor: Scale mail        |    25 |    91 |     2 ||   118
       Chain mail        |       |       |    97 ||    97
       Skin              |       |       |     2 ||     2
Dodge: Dodged            |    20 |    84 |    46 ||   150
Block: Kite shield       |    43 |   150 |   108 ||   301
       Rpst.: Long sword |     5 |    29 |    11 ||    45

Table legend:
 A = Non-vault XP
 B = Vault XP
 C = Vault XP percentage of total XP
 D = Non-vault monster count
 E = Vault monster count
 F = Vault count percentage of total count
                 A         B        C        D         E       F
            +---------+---------+-------+---------+---------+-------
      Total |    1464 |    1091 |  42.7 |      99 |       9 |   8.3
            +---------+---------+-------+---------+---------+-------
        D:1 |      24 |       0 |   0.0 |      14 |       0 |   0.0
        D:2 |     114 |       0 |   0.0 |      30 |       0 |   0.0
        D:3 |      51 |       0 |   0.0 |      18 |       0 |   0.0
        D:4 |     336 |     208 |  38.2 |      13 |       2 |  13.3
        D:5 |     719 |     637 |  47.0 |      15 |       5 |  25.0
        D:6 |     220 |     246 |  52.8 |       9 |       2 |  18.2
            +---------+---------+-------+---------+---------+-------
